 Yiufcrawl Soup (a DCSS fork) version 1.4.3-12-g4539fca (webtiles) character file.

136 AlphabetPasta the Covered (level 4, 0/44 HPs)
             Began as a Dorf Fighter on Mar 11, 2017.
             Slain by a gnoll
             ... wielding a +0 halberd
              (14 damage)
             ... on level 3 of the Dungeon.
             The game lasted 00:11:02 (1736 turns).

AlphabetPasta the Covered (Dorf Fighter)            Turns: 1736, Time: 00:11:02

Health: 0/44       AC:  7    Str: 20    XL:     4   Next: 98%
Magic:  4/4        EV:  7    Int:  8    God:
Gold:   137        SH:  9    Dex: 13    Spells: 3/3 levels left

rFire    . . .     SeeInvis .   a - +1 flail
rCold    . . .     Gourm    .   b - +0 scale mail
rNeg     + . .     Faith    .   c - +0 shield
rPois    .         Spirit   .   (no helmet)
rElec    .         Reflect  .   (no cloak)
rCorr    .         Harm     .   (no gloves)
MR       .....                  (no boots)
Stlth    ..........             (no amulet)
Regen    0.2/turn               (no ring)
MPRegen  0.1/turn               (no ring)

@: no status effects
A: negative energy resistance 1
a: no special abilities


You were on level 3 of the Dungeon.
You were not hungry.

You visited 1 branch of the dungeon, and saw 3 of its levels.

You collected 137 gold pieces.

Inventory:

Hand Weapons
 a - a +1 flail (weapon)
Missiles
 o - 2 tomahawks (quivered)
Armour
 b - a +0 scale mail (worn)
 c - a +0 shield (worn)
Jewellery
 l - an uncursed ring of wizardry {unknown}
Scrolls
 d - 2 scrolls of remove curse
 n - 2 scrolls of enchant weapon
Potions
 e - 2 potions of flight {unknown}
 g - 3 potions of brilliance {unknown}
 i - 2 potions of curing {unknown}
 j - a potion of lignification {unknown}
 k - a potion of agility {unknown}
 p - a potion of haste {unknown}
 q - a potion of invisibility
Comestibles
 f - 4 bread rations
 h - 9 chunks of flesh
 m - 2 royal jellies


   Skills:
 + Level 3.8 Fighting
 + Level 3.3 Maces & Flails
 + Level 1.8 Throwing
 + Level 4.1 Armour
 + Level 4.1 Shields


You had 3 spell levels left.
You didn't know any spells.

Dungeon Overview and Level Annotations

Branches:
Dungeon (3/15)

Altars:
Okawaru
Yredelemnul


Innate Abilities, Weirdness & Mutations

You resist negative energy. (rN+)


Message History

You block the gnoll's attack. The gnoll hits you but does no damage.
You sock the gnoll!
The gnoll is severely wounded.
The gnoll hits you from afar with a halberd.
The gnoll hits you but does no damage.
You hit the gnoll.
You kill the gnoll!
You block the gnoll's attack. The gnoll hits you. You block the gnoll's attack.
Your shield and scale mail prevent you from hitting the gnoll.
The gnoll is heavily wounded.
The gnoll hits you. The gnoll hits you but does no damage.
You hit the gnoll.
The gnoll is severely wounded.
You block the gnoll's attack.
The gnoll hits you from afar with a halberd!
The gnoll barely misses you.
You closely miss the gnoll.
The gnoll is severely wounded.
The gnoll hits you from afar with a halberd!
You die...

........#................
........#................
####..#.#......#.........
........#...............
####....................
........................
####...................# .
# #...(..............## ._
#.........###@###...#.).
.....#...#####g## ......
.......#...#.....g###....##
.......#..................#
.........P.P.............
......_..............
..P.P...........$.
...........#......
.......###........


You could see 2 gnolls.

Vanquished Creatures
  Jessica (D:3)
  2 gnolls
  An adder (D:2)
  An ooze (D:2)
  3 worms
  3 dart slugs (D:3)
  A leopard gecko (D:2)
  4 orcs (D:3)
  3 giant cockroaches
  7 goblins
  9 hobgoblins
  7 kobolds
  2 quokkas (D:2)
  2 ball pythons
  7 bats
  4 frilled lizards
  3 rats (D:2)
60 creatures vanquished.

Notes
Turn   | Place    | Note
-------+----------+-------------------------------------------
     0 | D:1      | AlphabetPasta the Dorf Fighter began the quest for the Orb.
     0 | D:1      | Reached XP level 1. HP: 21/21 MP: 1/1
   185 | D:1      | Reached XP level 2. HP: 28/28 MP: 2/2
   765 | D:1      | Reached skill level 1 in Throwing
   779 | D:2      | Reached XP level 3. HP: 34/34 MP: 3/3
  1406 | D:2      | Reached XP level 4. HP: 43/44 MP: 4/4
  1537 | D:3      | Noticed Jessica
  1552 | D:3      | Killed Jessica
  1718 | D:3      | Found a basalt altar of Yredelemnul.
  1722 | D:3      | Found an iron altar of Okawaru.
  1736 | D:3      | Slain by a gnoll

Skill      XL: |  1  2  3  4 |
---------------+-------------+-----
Throwing       | 1 |  1.8
Shields        | 4 |  4.1
Armour         | 4 |  4.1
Maces & Flails | 3 |  3.3
Fighting       | |  3.8

Action                   |  1- 3 |  4- 6 || total
-------------------------+-------+-------++-------
Melee: Flail             |   143 |    56 ||   199
Throw: Tomahawk          |     4 |     3 ||     7
  Use: Scroll            |     2 |     2 ||     4
       Potion            |     1 |       ||     1
  Eat: Chunk             |     2 |     1 ||     3
Armor: Scale mail        |    49 |    17 ||    66
Dodge: Dodged            |    44 |     8 ||    52
Block: Shield            |    83 |    35 ||   118
